 Dungeon Crawl Stone Soup version 0.31.0-32-g396128a36d (webtiles) character file.

Game seed: 3271899057572229924

426 Flexo the Sneak (level 6, 0/30 HPs)
             Began as a Spriggan Enchanter on Mar 9, 2024.
             Constricted to death by a ball python (1 damage)
             ... in a sewer.
             The game lasted 00:26:06 (3029 turns).

Flexo the Sneak (Spriggan Enchanter)                Turns: 3029, Time: 00:26:07

Health: 0/30       AC:  3    Str:  4    XL:     6   Next: 64%
Magic:  7/11       EV: 16    Int: 19    God:
Gold:   149        SH:  0    Dex: 15    Spells: 3/11 levels left

rFire   . . .        a - +2 dagger
rCold   . . .        (no shield)
rNeg    . . .        b - +1 robe
rPois   .            (helmet restricted)
rElec   .            (no cloak)
rCorr   .            (gloves unavailable)
SInv    +            (boots unavailable)
Will    +....        s - amulet of magic regeneration
Stlth   +++          (no ring)
HPRegen 0.25/turn    (no ring)
MPRegen 0.52/turn

%: no passive effects
@: lethally poisoned (0 -> -3), very slightly contaminated, hasted, constricted,
very quick
A: very small, no large weapons, unfitting armour, see invisible, speed 3
a: no special abilities


You were in a sewer.
You visited 1 branch of the dungeon, and saw 4 of its levels.
You also visited: Sewer.

You collected 149 gold pieces.

Inventory:

Hand Weapons
 a - a +2 dagger (weapon)
Armour
 b - a +1 robe (worn)
Jewellery
 s - an amulet of magic regeneration (around neck)
Talismans
 g - a flux talisman
Wands
 o - a wand of paralysis (7)
Scrolls
 d - a scroll of fear
 i - a scroll of enchant weapon
 k - 3 scrolls of teleportation
Potions
 c - 2 potions of invisibility
 f - a potion of might
 h - a potion of magic {unknown}
 m - a potion of enlightenment {unknown}
 n - a potion of brilliance {unknown}
 r - a potion of ambrosia {unknown}


   Skills:
 - Level 1.0 Fighting
 * Level 5.0 Short Blades
 + Level 4.8 Dodging
 + Level 6.5 Stealth
 + Level 3.0 Spellcasting
 + Level 4.0 Hexes
 - Level 1.0 Ice Magic


You had 3 spell levels left.
You knew the following spells:

 Your Spells              Type           Power      Damage    Failure   Level
a - Ensorcelled Hibernat  Hex/Ice        24%        N/A       9%          2
b - Confusing Touch       Hex            18%        N/A       9%          3
c - Tukima's Dance        Hex            18%        N/A       9%          3

Your spell library contained the following spells:

 Spells                   Type           Power      Damage    Failure   Level
 Sting                    Conj/Alch      8%         1d3       16%         1
 Dazzling Flash           Conj/Hex       20%        N/A       21%         3
 Inner Flame              Hex/Fire       10%        N/A       21%         3
 Mercury Vapours          Alch/Air       4%         N/A       22%         2
 Flame Wave               Conj/Fire      2%         2d4       83%         4
 Olgreb's Toxic Radiance  Alch           2%         N/A       83%         4
 Sticky Flame             Fire/Alch      2%         2d4       83%         4


Dungeon Overview and Level Annotations

Branches:
Dungeon (4/15)              Sewer (1/1)
 Temple: D:4-7

Altars:

Shops:
D:1 (


Innate Abilities, Weirdness & Mutations

You are very small and have problems with some larger weapons.
You are too small for most types of armour.
You have supernaturally acute eyesight. (SInv)
You cover ground extremely quickly. (Speed+++)


Message History

The adder misses you.
You hit the adder but do no damage.
The adder is lightly wounded.
The ball python completely misses you. The ball python constricts you.
The adder barely misses you.
You hit the adder but do no damage.
The adder is lightly wounded.
The ball python completely misses you. The ball python constricts you.
* * * LOW HITPOINT WARNING * * *
The adder bites you.
* * * LOW HITPOINT WARNING * * *
You are poisoned.
The adder poisons you!
You hit the adder but do no damage.
The adder appears confused.
The adder is lightly wounded.
* * * LOW HITPOINT WARNING * * *
You feel sick. The ball python closely misses you.
The ball python constricts you.
You hit the adder.
The adder is heavily wounded.
The ball python completely misses you. The ball python constricts you.
* * * LOW HITPOINT WARNING * * *
You are too injured to fight recklessly!
You are too injured to fight recklessly!
It was a potion of haste.
You feel yourself speed up.
* * * LOW HITPOINT WARNING * * *
You feel sick. The ball python bites you.
* * * LOW HITPOINT WARNING * * *
The ball python constricts you.
Casting: Confusing Touch (quite dangerous; 9% risk of failure)
Confirm with . or Enter, or press ? or * to list all spells.
Aiming: Ensorcelled Hibernation (safe; 9% risk of failure)
Press: ? - help, Shift-Dir - straight line, f - ball python, p - adder
Aim: a ball python (constricting you, chance to affect: 63%)
You miscast Ensorcelled Hibernation.
Nothing appears to happen.
* * * LOW HITPOINT WARNING * * *
You feel sick. The ball python bites you.
* * * LOW HITPOINT WARNING * * *
The ball python constricts you.
You die...

## ~# #~# #~# ##~ #~#
#############################.
#∩.~..~.~~..S@~~~.~~~†~..~.~..
#∩...~....†.~.S~~~~~~~~.~.~~..
##############################


You could see an adder (confused) and a ball python.

Vanquished Creatures
  2 bombardier beetles
  Terence (D:2)
  Jessica (D:2)
  Robin (D:1)
  5 adders
  2 ufetubi (D:3)
  3 ribbon worms
  A dart slug (D:2)
  9 ball pythons
  8 bats
  5 endoplasms
  A giant cockroach (D:2)
  10 goblins
  7 hobgoblins
  5 jackals
  6 quokkas
  5 frilled lizards
  8 kobolds
  6 rats
86 creatures vanquished.

Vanquished Creatures (collateral kills)
  Sigmund (D:2)
  A goblin (D:2)
2 creatures vanquished.

Vanquished Creatures (others)
  A dancing weapon (D:2)
1 creature vanquished.

Grand Total: 89 creatures vanquished

Notes
Turn   | Place    | Note
-------+----------+-------------------------------------------
     0 | D:1      | Flexo the Spriggan Enchanter began the quest for the Orb.
     0 | D:1      | Reached XP level 1. HP: 9/9 MP: 5/5
   122 | D:1      | Found Supnea's Weapon Shoppe.
   178 | D:1      | Reached XP level 2. HP: 10/13 MP: 6/6
   662 | D:1      | Reached XP level 3. HP: 5/17 MP: 8/8
   665 | D:1      | Learned a level 2 spell: Ensorcelled Hibernation
   669 | D:1      | Learned a level 3 spell: Confusing Touch
   886 | D:2      | Reached skill level 5 in Stealth
  1092 | D:2      | Noticed Jessica
  1101 | D:2      | Killed Jessica
  1102 | D:2      | Reached skill level 1 in Fighting
  1102 | D:2      | Reached XP level 4. HP: 15/22 MP: 6/9
  1143 | D:2      | Learned a level 3 spell: Tukima's Dance
  1228 | D:2      | Noticed Robin
  1373 | D:1      | Killed Robin
  1521 | D:2      | Noticed Sigmund
  1542 | D:2      | Killed Sigmund
  1543 | D:2      | Reached skill level 1 in Ice Magic
  1543 | D:2      | Reached XP level 5. HP: 17/25 MP: 3/10
  1543 | D:2      | Reached XP level 6. HP: 21/30 MP: 3/11
  1556 | D:2      | Reached skill level 6 in Stealth
  1703 | D:2      | Noticed Terence
  1710 | D:2      | Killed Terence
  2208 | D:3      | Found a faded altar of an unknown god.
  2696 | D:4      | Reached skill level 5 in Short Blades
  2813 | D:4      | Found a glowing drain.
  2828 | Sewer    | Entered a sewer
  3029 | Sewer    | HP: 1/30 [ball python (2)]
  3029 | Sewer    | Constricted to death by a ball python

Illustrated notes

Levels and vault maps discovered:
D:1:      nzn_arrival_crosshair, layout_basic, serial_shops,
          nicolae_shop_hallway_plus
D:2:      layout_rooms, kennysheep_jessica_study, uniq_terence, uniq_sigmund,
          uniq_robin
D:3:      layout_basic, basic_ecumenical_altar, nicolae_figureground_pulse
D:4:      layout_cave_pods, mainiacjoe_overflow_concentric_impassable,
          kennysheep_mini_moat, lemuel_tele_altar,
          minmay_temple_entry_purple_smoke,
          mainiacjoe_ossuary_entry_find_the_door, portal_sewer_entry_d
Sewer:    sewer_co_cracked_pipes

Skill      XL: |  1  2  3  4  5  6 |
---------------+-------------------+-----
Dodging        | 3 4 |  4.8
Short Blades   | 2 4 5 |  5.0
Stealth        | 5 6 |  6.5
Fighting       | 1 |  1.0
Spellcasting   | 3 |  3.0
Hexes          | 4 |  4.0
Ice Magic      | 1 |  1.0

Action                     |  1- 3 |  4- 6 || total
---------------------------+-------+-------++-------
  Melee: Dagger            |   133 |   185 ||   318
         Punch             |       |     2 ||     2
   Cast: Ensorcelled Hiber |     7 |    18 ||    25
         Confusing Touch   |       |     7 ||     7
         Tukima's Dance    |       |     3 ||     3
    Use: Scroll            |       |     7 ||     7
         Potion            |       |     4 ||     4
   Stab: Sleeping          |    12 |    12 ||    24
         Confused          |       |     2 ||     2
 Armour: Robe              |    40 |    67 ||   107
  Dodge: Dodged            |   122 |   199 ||   321
